 Dungeon Crawl Stone Soup version 0.25.1-2-g60ff931df9 (webtiles) character file.

Game seed: 2369400729005254871

193 Delamore the Cudgeler (level 5, -1/32 HPs)
             Began as a Gargoyle Fighter on Aug 12, 2020.
             Slain by an orc wizard
             ... wielding a +0 dagger
              (3 damage)
             ... on level 3 of the Dungeon.
             The game lasted 00:02:32 (2455 turns).

Delamore the Cudgeler (Gargoyle Fighter)            Turns: 2455, Time: 00:02:33

Health: -1/32      AC: 12    Str: 20    XL:     5   Next: 72%
Magic:  5/5        EV:  7    Int:  9    God:
Gold:   71         SH:  9    Dex:  9    Spells: 4/4 levels left

rFire    . . .     SeeInvis .   a - +0 flail
rCold    + . .     Gourm    .   c - +0 kite shield
rNeg     + . .     Faith    .   b - +0 scale mail
rPois    ∞         Spirit   .   (no helmet)
rElec    +         Reflect  .   (no cloak)
rCorr    .         Harm     .   (no gloves)
MR       .....                  e - +0 pair of boots
Stlth    ..........             (no amulet)
HPRegen  0.10/turn              j - ring of protection from cold
MPRegen  0.09/turn              g - ring of wizardry

@: no status effects
A: negative energy resistance 1, electricity resistance, unbreathing,
petrification resistance, rot immunity, AC +4
a: no special abilities


You were on level 3 of the Dungeon.
You were not hungry.

You visited 1 branch of the dungeon, and saw 3 of its levels.

You collected 71 gold pieces.

Inventory:

Hand Weapons
 a - a +0 flail (weapon)
Armour
 b - a +0 scale mail (worn)
 c - a +0 kite shield (worn)
 e - a +0 pair of boots (worn)
 p - a +0 plate armour
Jewellery
 g - a ring of wizardry (right hand)
 j - a ring of protection from cold (left hand)
Scrolls
 h - 2 scrolls of teleportation {unknown}
 i - 2 scrolls of noise {unknown}
 k - 3 scrolls of identify {unknown}
 l - a scroll of blinking {unknown}
 n - a scroll of magic mapping {unknown}
 o - a scroll of remove curse {unknown}
 r - 3 scrolls of enchant weapon {unknown}
Potions
 d - a potion of might
 m - 4 potions of curing {unknown}
Comestibles
 f - 7 rations


   Skills:
 - Level 3.2 Fighting
 + Level 5.8 Maces & Flails
 - Level 3.2 Armour
 - Level 3.2 Shields


You had 4 spell levels left.
You didn't know any spells.
Your spell library was empty.

Dungeon Overview and Level Annotations

Branches:
Dungeon (3/15)

Altars:
Wu Jian


Innate Abilities, Weirdness & Mutations

You are resistant to torment.
Your stone body is resilient. (AC +4)
You are immune to poison.
You resist negative energy. (rN+)
You are resistant to electric shocks. (rElec)
You can survive without breathing.
You are immune to petrification.
You are immune to rotting.


Message History

You bump into the rock wall.
An orc wizard appears from thin air!
Reactivating autopickup.
The orc wizard hits you but does no damage.
The orc hits you but does no damage.
The orc wizard hits you with a +0 dagger.
* * * LOW HITPOINT WARNING * * *
Your shield prevents you from hitting the orc wizard.
The orc wizard is severely wounded.
The orc wizard closely misses you. The orc hits you with a +0 hand axe.
* * * LOW HITPOINT WARNING * * *
The orc wizard hits you but does no damage.
You bump into the rock wall.
The orc wizard hits you but does no damage.
The orc barely misses you. The orc wizard completely misses you.
You barely miss the orc wizard.
The orc wizard is severely wounded.
You feel less confused. You block the orc wizard's attack.
You block the orc's attack.
The orc wizard hits you with a +0 dagger.
You die...

#.............##
...............#
...............#
...............#
........>......#
........<......######
......(.......w.....#
#..........ooo#####.###
##.....#....@##
#..o#######
#######.#####
###.....[o. #.#
######### #.# # #.# #.


You could see a worm, 2 orc wizards and an orc.

Vanquished Creatures
  2 orc priests
  An orc wizard (D:2)
  3 adders (D:2)
  An ooze (D:2)
  2 worms (D:2)
  2 dart slugs
  2 leopard geckos
  5 orcs
  9 bats
  A bat skeleton (D:2)
  A giant cockroach (D:1)
  7 goblins (D:2)
  8 hobgoblins
  4 jackals (D:2)
  7 kobolds
  2 frilled lizards
  7 rats
64 creatures vanquished.

Notes
Turn   | Place    | Note
-------+----------+-------------------------------------------
     0 | D:1      | Delamore the Gargoyle Fighter began the quest for the Orb.
     0 | D:1      | Reached XP level 1. HP: 14/14 MP: 1/1
   331 | D:1      | Reached XP level 2. HP: 19/19 MP: 2/2
   463 | D:1      | Reached skill level 3 in Maces & Flails
   916 | D:2      | Reached XP level 3. HP: 20/23 MP: 3/3
  1079 | D:2      | Reached skill level 4 in Maces & Flails
  1174 | D:2      | Found a transporter.
  1175 | D:2      | Found an ornate altar of the Wu Jian Council.
  1175 | D:2      | Noticed an orc warrior
  1175 | D:2      | Noticed a bullfrog
  1197 | D:2      | Found a transporter.
  1209 | D:2      | Reached XP level 4. HP: 27/28 MP: 4/4
  1933 | D:3      | Reached skill level 5 in Maces & Flails
  1933 | D:3      | Reached XP level 5. HP: 31/32 MP: 5/5
  2455 | D:3      | Slain by an orc wizard

Illustrated notes

Levels and vault maps discovered:
D:1:      dpeg_arrival_castle, layout_loops_ring, minmay_tetromino_o2
D:2:      layout_loops_ring, gammafunk_temple_overflow_arena
D:3:      layout_rooms, minmay_pentangle

Skill      XL: |  1  2  3  4 |
---------------+-------------+-----
Maces & Flails | 3 4 5 |  5.8
Fighting       | |  3.2
Armour         | |  3.2
Shields        | |  3.2

Action                   |  1- 3 |  4- 6 || total
-------------------------+-------+-------++-------
Melee: Flail             |   143 |   121 ||   264
  Eat: Chunk             |     1 |     4 ||     5
Armor: Scale mail        |    90 |    96 ||   186
Dodge: Dodged            |    58 |    52 ||   110
Block: Kite shield       |    73 |    54 ||   127
